 Dungeon Crawl Stone Soup version 0.22-a0-274-gf8199ec82f (webtiles) character file.

866 Ikesh the Stinger (level 8, 0/50 HPs)
             Began as an Octopode Venom Mage on Mar 14, 2018.
             Was an Initiate of Sif Muna.
             Succumbed to a water moccasin's poison
             ... on level 5 of the Dungeon.
             The game lasted 00:31:22 (5358 turns).

Ikesh the Stinger (Octopode Venom Mage)             Turns: 5358, Time: 00:31:23

Health: 0/50       AC:  1    Str:  7    XL:     8   Next: 3%
Magic:  8/14       EV: 14    Int: 24    God:    Sif Muna [......]
Gold:   307        SH:  0    Dex: 13    Spells: 6/15 levels left

rFire    . . .     SeeInvis .   p - staff of wizardry
rCold    + . .     Gourm    .   (no shield)
rNeg     . . .     Faith    +   (helmet restricted)
rPois    .         Spirit   .   o - amulet of faith
rElec    .         Reflect  .   j - ring of protection from cold
rCorr    .         Harm     .   (no ring)
MR       .....                  (no ring)
Stlth    ++++......             (no ring)
HPRegen  0.16/turn              (no ring)
MPRegen  0.14/turn              (no ring)
                                (no ring)
                                (no ring)

@: brilliant, lethally poisoned (0 -> -6)
A: almost no armour, stealthy swim, amphibious, 8 rings, constrict 8, camouflage
1, blink, mutation resistance 1, gelatinous body 1, MP-powered wands
a: Blink, Renounce Religion


You were on level 5 of the Dungeon.
You worshipped Sif Muna.
Sif Muna was noncommittal.
You were not hungry.

You visited 2 branches of the dungeon, and saw 6 of its levels.

You collected 307 gold pieces.

Inventory:

Magical Staves
 p - an uncursed staff of wizardry (weapon)
Jewellery
 j - a ring of protection from cold (left tentacle)
 o - an amulet of faith (around mantle)
Wands
 a - a wand of paralysis (15)
 c - a wand of flame (32)
 l - a wand of random effects (38)
Scrolls
 e - a scroll of enchant armour
 g - 8 scrolls of identify
 n - a scroll of amnesia
Potions
 d - a potion of brilliance
Comestibles
 b - 7 rations


   Skills:
 + Level 2.2 Fighting
 + Level 2.5 Staves
 + Level 2.6 Dodging
 + Level 5.2 Stealth
 + Level 4.1 Spellcasting
 + Level 1.1 Conjurations
 + Level 2.5 Air Magic
 + Level 6.6 Poison Magic
 + Level 0.3 Evocations


You had 6 spell levels left.
You knew the following spells:

 Your Spells              Type           Power        Failure   Level  Hunger
b - Poisonous Vapours     Pois/Air       #####.       1%          2    None
c - Mephitic Cloud        Conj/Pois/Air  #####...     1%          3    ##.....
d - Olgreb's Toxic Radia  Pois           ######..     1%          4    ####...


Dungeon Overview and Level Annotations

Branches:
Dungeon (5/15)             Temple (1/1) D:5

Altars:
Ashenzari
Cheibriados
Dithmenos
Elyvilon
Hepliaklqana
Makhleb
Nemelex Xobeh
Okawaru
Qazlal
Ru
Sif Muna
Vehumet
Wu Jian
Yredelemnul
The Shining One

Annotations:
D:3 2 transporters


Innate Abilities, Weirdness & Mutations

You cannot wear most types of armour.
You are very stealthy in the water. (Stealth+)
You are amphibious.
You can wear up to eight rings at the same time.
You can use your tentacles to constrict eight enemies at once.
Your skin changes colour to match your surroundings (Stealth+).
Your rubbery body absorbs attacks. (AC +1, EV +1)
You can translocate small distances at will.
You are somewhat resistant to further mutation.
You expend magic power (3 MP) to strengthen your wands.


Message History

You feel sick.
* * * LOW HITPOINT WARNING * * *
You feel sick.
Your toxic aura wanes.
* * * LOW HITPOINT WARNING * * *
You feel sick.
* * * LOW HITPOINT WARNING * * *
You feel sick.
* * * LOW HITPOINT WARNING * * *
You feel sick.
* * * LOW HITPOINT WARNING * * *
You feel sick.
* * * LOW HITPOINT WARNING * * *
You feel sick.
* * * LOW HITPOINT WARNING * * *
You feel sick.
* * * LOW HITPOINT WARNING * * *
You feel sick.
Okay, then.
You die...

....#.###.#..###.###....[........
....'.#>#.'..###.# #.[.....[.....
##..#.#'#.#....(.###.............
#..#.....#.###..................
###.###'###......##.#............
.................##..#.....##....
#.........#......###..###########
#.#.......#......####.###
#.......#<....@...#...####
#.....(.########.........######
###.......# #.................
..#.>.....# #.................
#.#.......# #.................
.........#######.................
#..####..........................
##.# ##..######.................
#.### ##.# #.................


There were no monsters in sight!

Vanquished Creatures
  3 ogres
  2 phantoms
  3 crimson imps (D:5)
  An orc wizard (D:4)
  An iguana (D:5)
  2 worker ants
  Terence (D:3)
  A hound skeleton (D:4)
  3 adders
  4 gnolls (D:3)
  A shadow imp (D:5)
  An ooze (D:4)
  2 adder skeletons (D:4)
  A dart slug (D:2)
  4 leopard geckos
  12 orcs
  A ball python (D:1)
  2 bats
  5 giant cockroaches
  3 goblins
  4 hobgoblins
  9 jackals
  2 quokkas (D:4)
  4 frilled lizards
  9 kobolds
  26 rats
  A plant (D:2)
108 creatures vanquished.

Notes
Turn   | Place    | Note
-------+----------+-------------------------------------------
     0 | D:1      | Ikesh the Octopode Venom Mage began the quest for the Orb.
     0 | D:1      | Reached XP level 1. HP: 11/11 MP: 3/3
   451 | D:1      | Reached XP level 2. HP: 17/17 MP: 3/5
   467 | D:1      | Learned a level 2 spell: Poisonous Vapours
   536 | D:1      | Reached skill level 4 in Poison Magic
  1323 | D:2      | Reached XP level 3. HP: 21/21 MP: 6/6
  1328 | D:2      | Learned a level 3 spell: Mephitic Cloud
  1828 | D:3      | Found a transporter.
  1946 | D:3      | Found a transporter.
  1947 | D:3      | Noticed Terence
  1949 | D:3      | Killed Terence
  1949 | D:3      | Reached XP level 4. HP: 25/27 MP: 0/7
  2363 | D:3      | Found a white marble altar of Elyvilon.
  2371 | D:3      | Became a worshipper of Elyvilon the Healer
  2381 | D:3      | Reached XP level 5. HP: 15/31 MP: 6/9
  2756 | D:4      | Found a glowing golden altar of the Shining One.
  2769 | D:4      | Reached skill level 1 in Air Magic
  2798 | D:4      | Gained mutation: You are somewhat resistant to further mutation. [potion of mutation]
  2798 | D:4      | Gained mutation: You expend magic power (3 MP) to strengthen your wands. [potion of mutation]
  2798 | D:4      | Gained mutation: You are partially covered in rugged brown scales. (AC +1, +3% HP) [potion of mutation]
  2859 | D:4      | Found a burning altar of Makhleb.
  3078 | D:4      | Lost mutation: You are partially covered in rugged brown scales. (AC +1, +3% HP) [potion of mutation]
  3078 | D:4      | Gained mutation: You can translocate small distances at will. [potion of mutation]
  3098 | D:4      | Noticed a phantom
  3121 | D:4      | Noticed an ogre
  3142 | D:4      | Killed an ogre
  3142 | D:4      | Reached skill level 1 in Fighting
  3142 | D:4      | Reached skill level 1 in Staves
  3142 | D:4      | Reached skill level 5 in Poison Magic
  3142 | D:4      | Reached XP level 6. HP: 38/38 MP: 3/10
  3149 | D:4      | Learned a level 4 spell: Olgreb's Toxic Radiance
  3581 | D:4      | Killed a phantom
  3752 | D:4      | Fell from the grace of Elyvilon
  3920 | D:5      | Entered Level 5 of the Dungeon
  3957 | D:5      | Reached skill level 6 in Poison Magic
  3957 | D:5      | Reached XP level 7. HP: 45/45 MP: 4/12
  4306 | D:5      | Reached skill level 5 in Stealth
  4911 | D:5      | HP: 2/45 [phantom (4)]
  4932 | D:5      | HP: 2/45 [phantom (3)]
  4939 | D:5      | Reached XP level 8. HP: 3/50 MP: 1/14
  5245 | D:5      | Found a staircase to the Ecumenical Temple.
  5260 | Temple   | Entered the Ecumenical Temple
  5304 | Temple   | Became a worshipper of Sif Muna the Loreminder
  5355 | D:5      | HP: 2/50 [poisoned by a water moccasin]
  5358 | D:5      | Succumbed to a water moccasin's poison

Vault maps used:
D:1:      scummos_arrival_simple_fountains
D:2:      grunt_temple_overflow_growth_and_decay, lemuel_coloured_pillars_altar,
          lexackson_kobold_supper
D:3:      gammafunk_wand_slinger, elyvilon_altar_1, first_ration,
          chequers_ecumenical_altar_lobes, uniq_terence
D:4:      kennysheep_mini_moat, lemuel_doored_altar, minmay_rat_hole
D:5:      minmay_temple_entry_glassed_door
Temple:   nicolae_temple_hex_pool

Skill      XL: |  1  2  3  4  5  6  7 |
---------------+----------------------+-----
Stealth        | 3 4 5 |  5.2
Poison Magic   | 4 5 6 |  6.6
Air Magic      | 1 2 |  2.5
Fighting       | 1 2 |  2.2
Staves         | 1 2 |  2.5
Spellcasting   | 3 4 |  4.1
Dodging        | |  2.6
Conjurations   | |  1.1
Evocations     | |  0.3

Action                   |  1- 3 |  4- 6 |  7- 9 || total
-------------------------+-------+-------+-------++-------
Melee: Unarmed           |    17 |       |       ||    17
       Constrict         |    13 |    10 |     7 ||    30
       Tentacles         |     8 |     9 |    13 ||    30
       Whip              |    17 |       |       ||    17
       Quarterstaff      |    22 |    32 |       ||    54
       Staff             |       |    22 |    65 ||    87
 Cast: Sting             |    10 |     1 |       ||    11
       Poisonous Vapours |    23 |    25 |    12 ||    60
       Mephitic Cloud    |     1 |       |       ||     1
       Olgreb's Toxic Ra |       |     3 |     3 ||     6
Invok: Renounce Religion |       |     1 |       ||     1
Evoke: Wand              |       |     1 |     9 ||    10
  Use: Scroll            |     7 |     1 |     6 ||    14
       Potion            |       |     5 |     4 ||     9
 Stab: Sleeping          |     6 |     4 |       ||    10
  Eat: Chunk             |     5 |     8 |     3 ||    16
       Ration            |       |       |     1 ||     1
Armor: Skin              |     5 |     4 |     4 ||    13
Dodge: Dodged            |    37 |    29 |    43 ||   109

Table legend:
 A = Spawn XP
 B = Non-spawn XP
 C = Spawn XP percentage of total XP
 D = Spawn monster count
 E = Non-spawn monster count
 F = Spawn count percentage of total count
 G = Total turns spent on level
                    A         B        C        D         E        F      G
               +---------+---------+-------+---------+---------+-------+---------
         Total |       0 |    1238 |   0.0 |       0 |     107 |   0.0 |  5358
               +---------+---------+-------+---------+---------+-------+---------
           D:1 |       0 |      22 |   0.0 |       0 |      14 |   0.0 |   901
           D:2 |       0 |      30 |   0.0 |       0 |      18 |   0.0 |   913
           D:3 |       0 |     119 |   0.0 |       0 |      16 |   0.0 |   883
           D:4 |       0 |     558 |   0.0 |       0 |      41 |   0.0 |  1628
           D:5 |       0 |     509 |   0.0 |       0 |      18 |   0.0 |   978
               +---------+---------+-------+---------+---------+-------+---------
